 Dungeon Crawl Stone Soup version 0.21.0-24-g2553a3340b (webtiles) character file.

1807 Krosko the Fighter (level 9, -18/62 HPs)
             Began as a Gargoyle Fighter on Jan 21, 2018.
             Was an Initiate of Makhleb.
             Demolished by an ogre
             ... wielding a +0 giant club
              (28 damage)
             ... on level 7 of the Dungeon.
             The game lasted 00:21:47 (6772 turns).

Krosko the Fighter (Gargoyle Fighter)               Turns: 6772, Time: 00:21:48

Health: -18/62     AC: 15    Str: 24    XL:     9   Next: 9%
Magic:  9/9        EV: 10    Int:  8    God:    Makhleb [......]
Gold:   334        SH:  9    Dex:  9    Spells: 8/8 levels left

rFire    + . .     SeeInvis .   a - +0 flail
rCold    . . .     Gourm    .   c - +0 shield
rNeg     + . .     Faith    .   b - +0 scale mail
rPois    ∞         Spirit   .   (no helmet)
rElec    +         Reflect  .   C - +0 cloak (curse)
rCorr    .         Harm     +   (no gloves)
MR       .....                  (no boots)
Stlth    ..........             t - amulet of harm
HPRegen  0.20/turn              q - +3 ring of evasion
MPRegen  0.11/turn              v - ring of protection from fire

@: no status effects
A: negative energy resistance 1, electricity resistance, unbreathing,
petrification resistance, rot immunity, AC +6
a: Renounce Religion


You were on level 7 of the Dungeon.
You worshipped Makhleb.
Makhleb was noncommittal.
You were not hungry.

You visited 2 branches of the dungeon, and saw 9 of its levels.
You also visited: Sewer.

You collected 334 gold pieces.

Inventory:

Hand Weapons
 a - a +0 flail (weapon)
 B - a +4 quarterstaff of chaos
Armour
 b - a +0 scale mail (worn)
 c - a +0 shield (worn)
 C - a cursed +0 cloak (worn)
Jewellery
 q - a +3 ring of evasion (left hand)
 t - an amulet of harm (around neck)
 v - a ring of protection from fire (right hand)
Wands
 w - a wand of scattershot (3)
Scrolls
 g - 5 scrolls of identify {unknown}
 j - 3 scrolls of magic mapping {unknown}
 k - 8 scrolls of remove curse
 l - 3 scrolls of fog {unknown}
 n - 6 scrolls of teleportation {unknown}
 o - a scroll of immolation {unknown}
 p - 2 scrolls of blinking {unknown}
 u - 3 scrolls of fear {unknown}
 y - a scroll of enchant weapon {unknown}
 D - a scroll of random uselessness {unknown}
 E - a scroll of summoning {unknown}
 F - a scroll of amnesia {unknown}
Potions
 d - 2 potions of might
 e - 2 potions of agility {unknown}
 h - 5 potions of curing {unknown}
 i - 3 potions of degeneration {unknown}
 m - 3 potions of lignification {unknown}
 r - 2 potions of flight {unknown}
 s - a potion of invisibility {unknown}
 x - a potion of berserk rage {unknown}
 z - a potion of haste {unknown}
 A - a potion of heal wounds {unknown}
Comestibles
 f - 11 rations


   Skills:
 - Level 10.2 Fighting
 + Level 5.4 Maces & Flails
 + Level 6.4 Armour
 - Level 3.2 Shields


You had 8 spell levels left.
You didn't know any spells.

Dungeon Overview and Level Annotations

Branches:
Dungeon (8/15)             Temple (1/1) D:4
   Lair: D:8-11

Altars:
Ashenzari
Cheibriados
Dithmenos
Elyvilon
Fedhas
Gozag
Hepliaklqana
Kikubaaqudgha
Makhleb
Nemelex Xobeh
Okawaru
Qazlal
Ru
Sif Muna
Trog
Uskayaw
Vehumet
Wu Jian
Xom
Yredelemnul
Zin
The Shining One

Shops:
D:4 [(   D:7 **


Innate Abilities, Weirdness & Mutations

You are resistant to torment.
Your stone body is resilient. (AC +6)
You are immune to poison.
You resist negative energy. (rN+)
You are resistant to electric shocks. (rElec)
You can survive without breathing.
You are immune to petrification.
You are immune to rotting.


Message History

The orc warrior is lightly wounded.
The ogre hits you with a giant club. The orc warrior barely misses you.
You hit the orc warrior but do no damage.
The orc warrior is lightly wounded.
The ogre barely misses you.
The orc warrior hits you but does no damage.
The ogre barely misses you.
The orc warrior hits you but does no damage.
You climb upwards.
There is a stone staircase leading down here.
You closely miss the orc warrior.
The orc warrior is lightly wounded.
You block the ogre's attack. The orc warrior barely misses you.
You barely miss the ogre. The ogre hits you with a giant club!!
The orc warrior hits you with a long sword!
* * * LOW HITPOINT WARNING * * *
You thump the ogre!
The ogre is moderately wounded.
The ogre hits you with a giant club!!
You die...

...........# ...........###
..)..........#
.....#.#.....# #########
......∩......# #.......#
.....#.#...########.#####.#
.............>..##....###.#
................##..#.#...#
...............o@#..#.#.###
................O#..#.#.#
........)<.....[.####.#.#
......................#.#
.....##'#.[..####.##..#.#
.....##.........#.##..#.#
.....##.........#.##..#.#
###..##...............#.#
..#..##..............##.#


You could see an orc warrior and an ogre.

Vanquished Creatures
  A spriggan (D:7)
  An ice beast (D:6)
  An ogre (D:6)
  2 phantoms
  2 sky beasts (D:7)
  A centaur (D:6)
  A bullfrog (D:6)
  A scorpion (D:4)
  A howler monkey (D:4)
  A crimson imp (D:5)
  A centaur zombie (D:6)
  A bullfrog zombie (D:7)
  3 hounds
  An orc priest (D:8)
  Crazy Yiuf (D:6)
  4 orc wizards
  2 bullfrog skeletons
  2 centaur skeletons
  An iguana (D:7)
  3 worker ants
  2 worker ant zombies (D:5)
  A gnoll (D:1)
  A howler monkey skeleton (D:4)
  10 adders
  2 shadow imps (D:6)
  An ooze (D:1)
  An adder skeleton (D:3)
  6 worms
  2 dart slugs
  6 leopard geckos
  20 orcs
  18 bats
  8 giant cockroaches
  9 hobgoblins
  15 jackals
  4 kobolds
  4 quokkas
  6 ball pythons
  A ball python skeleton (D:4)
  3 frilled lizards
  7 goblins
  12 rats
170 creatures vanquished.

Vanquished Creatures (others)
  A leopard gecko skeleton (D:4)
1 creature vanquished.

Grand Total: 171 creatures vanquished

Notes
Turn   | Place    | Note
-------+----------+-------------------------------------------
     0 | D:1      | Krosko the Gargoyle Fighter began the quest for the Orb.
     0 | D:1      | Reached XP level 1. HP: 14/14 MP: 1/1
    56 | D:1      | Reached XP level 2. HP: 18/20 MP: 2/2
    84 | D:1      | Reached skill level 4 in Fighting
   797 | D:1      | Reached XP level 3. HP: 23/24 MP: 3/3
  1022 | D:2      | Reached skill level 5 in Fighting
  1160 | D:2      | Reached XP level 4. HP: 28/31 MP: 4/4
  1869 | D:3      | Reached skill level 6 in Fighting
  1879 | D:3      | Reached XP level 5. HP: 33/36 MP: 5/5
  1912 | D:3      | Found a glowing drain.
  1927 | Sewer    | Entered a sewer
  3038 | D:3      | Reached skill level 7 in Fighting
  3270 | D:3      | Reached XP level 6. HP: 44/44 MP: 6/6
  3375 | D:4      | Noticed a phantom
  3432 | D:4      | Killed a phantom
  3551 | D:4      | Found Eweufug's Weapon Emporium.
  3656 | D:4      | Reached skill level 8 in Fighting
  3669 | D:4      | Reached XP level 7. HP: 46/50 MP: 7/7
  3751 | D:4      | Found Foenn's Armour Shop.
  3825 | D:4      | Found a staircase to the Ecumenical Temple.
  3835 | Temple   | Entered the Ecumenical Temple
  4086 | Temple   | Became a worshipper of Makhleb the Destroyer
  4283 | D:5      | Entered Level 5 of the Dungeon
  4355 | D:5      | Reached skill level 9 in Fighting
  4484 | D:5      | Found a basalt altar of Yredelemnul.
  4484 | D:5      | Found a deep blue altar of Sif Muna.
  4490 | D:5      | Found an ornate altar of the Wu Jian Council.
  4531 | D:5      | Found an iron altar of Okawaru.
  4532 | D:5      | Found a faded altar of an unknown god.
  4866 | D:6      | Reached skill level 10 in Fighting
  4866 | D:6      | Reached XP level 8. HP: 35/57 MP: 8/8
  5211 | D:6      | Found a runed door.
  5461 | D:6      | Noticed Crazy Yiuf
  5464 | D:6      | Killed Crazy Yiuf
  5546 | D:7      | Reached skill level 5 in Armour
  5748 | D:7      | Found Piobufoo's General Store.
  5781 | D:7      | Noticed a spriggan baker
  6022 | D:7      | Killed a spriggan baker
  6022 | D:7      | Reached skill level 5 in Maces & Flails
  6022 | D:7      | Reached XP level 9. HP: 52/62 MP: 9/9
  6105 | D:7      | Found Dev Etur's Assorted Antiques.
  6521 | D:8      | Found a shimmering altar of Xom.
  6772 | D:7      | Demolished by an ogre

Skill      XL: |  1  2  3  4  5  6  7  8 |
---------------+-------------------------+-----
Fighting       | 4 5 6 7 8 10 | 10.2
Armour         | 6 |  6.4
Maces & Flails | 5 |  5.4
Shields        | |  3.2

Action                   |  1- 3 |  4- 6 |  7- 9 || total
-------------------------+-------+-------+-------++-------
Melee: Flail             |   113 |   451 |   292 ||   856
  Use: Scroll            |       |       |     1 ||     1
  Eat: Chunk             |     1 |    10 |     2 ||    13
       Ration            |       |       |     3 ||     3
Armor: Scale mail        |    80 |   285 |   146 ||   511
Dodge: Dodged            |    39 |   302 |   156 ||   497
Block: Shield            |    78 |   298 |   170 ||   546
